 Dungeon Crawl Stone Soup version 0.31-a0-246-g8cbcc1cb85 (webtiles) character file.

Game seed: 11753303440010831618

24 qw the Shooter (level 3, -4/21 HPs)
             Began as a Gargoyle Hexslinger on July 12, 2023.
             Slain by Terence
             ... wielding a +0 flail
              (7 damage)
             ... on level 2 of the Dungeon.
             The game lasted 00:00:20 (1061 turns).

qw the Shooter (Gargoyle Hexslinger)                Turns: 1061, Time: 00:00:20

Health: -4/21      AC: 10    Str: 11    XL:     3   Next: 2%
Magic:  4/4        EV: 10    Int: 13    God:
Gold:   88         SH:  0    Dex: 14    Spells: 3/4 levels left

rFire   . . .        Y - +1 sling
rCold   . . .        (no shield)
rNeg    + . .        g - +0 ring mail
rPois   inf          (no helmet)
rElec   +            k - +0 cloak
rCorr   .            (no gloves)
SInv    .            i - +0 pair of boots
Will    .....        (no amulet)
Stlth   +            (no ring)
HPRegen 0.23/turn    (no ring)
MPRegen 0.09/turn

%: no passive effects
@: no status effects
A: sickness immunity, AC +3, negative energy resistance 1, electricity
resistance, torment resistance 1, petrification resistance
a: no special abilities


You were on level 2 of the Dungeon.
You visited 1 branch of the dungeon, and saw 2 of its levels.

You collected 88 gold pieces.


Innate Abilities, Weirdness & Mutations

You are immune to sickness and miasma.
Your stone body is resilient. (AC +3)
You are immune to poison.
You resist negative energy. (rN+)
You are resistant to electric shocks. (rElec)
You are resistant to unholy torment.
You are immune to petrification.


   Skills:
 - Level 2.0 Fighting
 - Level 3.0 Ranged Weapons
 + Level 0.1 Armour
 - Level 1.5 Dodging
 - Level 1.0 Spellcasting
 - Level 2.6 Hexes


You had 3 spell levels left.
You knew the following spells:

 Your Spells              Type           Power      Damage    Failure   Level
a - Slow                  Hex            28%        N/A       22%         1

Your spell library contained the following spells:

 Spells                   Type           Power      Damage    Failure   Level
 Inner Flame              Hex/Fire       4%         N/A       75%         3
 Portal Projectile        Hex/Tloc       8%         N/A       75%         3
 Cause Fear               Hex            3%         N/A       92%         4

Inventory:

Hand Weapons
 Y - a +1 sling (weapon)
Armour
 g - a +0 ring mail (worn)
 i - a +0 pair of boots (worn)
 k - a +0 cloak (worn)
Scrolls
 a - a scroll of fog {unknown}
Potions
 b - a potion of heal wounds {unknown}
 d - a potion of curing {unknown}
 f - a potion of ambrosia {unknown}
 h - a potion of enlightenment {unknown}
 j - a potion of might {unknown}

Dungeon Overview and Level Annotations

Branches:
Dungeon (2/15)

Altars:

Shops:
D:1 =

Annotations:
D:2 Terence


Message History

You have reached level 3!
Your experience leads to an increase in your attributes!
Increase (S)trength, (I)ntelligence, or (D)exterity?
You feel agile. x2
a - a scroll labelled ORE HAG TIURRE
Things that are here:
a +0 mace of holy wrath; a goblin corpse You now have 88 gold pieces (gained 12).
A bat comes into view.
Found a stone staircase leading down.
You shoot a sling bullet. The sling bullet misses the bat.
The bat barely misses you.
You shoot a sling bullet.
The sling bullet completely misses the bat.
The bat barely misses you.
You shoot a sling bullet. The sling bullet hits the bat.
You kill the bat!
You see here a bat corpse.
b - a ruby potion Terence the Incautious comes into view.
He is wielding a +0 flail.
Found a sapphire potion.
Enter note:
Enter note: You shoot a sling bullet.
The sling bullet barely misses Terence.
Terence barely misses you.
You shoot a sling bullet.
The sling bullet closely misses Terence.
Terence hits you but does no damage. Terence hits you with a +0 flail.
You shoot a sling bullet. The sling bullet barely misses Terence.
Terence hits you with a +0 flail.
You shoot a sling bullet.
The sling bullet hits Terence but does no damage.
Terence hits you with a +0 flail.
You shoot a sling bullet.
The sling bullet completely misses Terence.
Terence hits you with a +0 flail.
You shoot a sling bullet.
The sling bullet hits Terence but does no damage.
Terence hits you with a +0 flail! x2
You die...

#####.###............#
................>....#
##.##.##.............#
.#.##.##.............#
.#.##.##.............#
.#.##.##.%...........#
##.##.##.............#
......##.............#
.#.......#######@#####
..######## #.!@.....#
.... #........# #####
#........# #........#
......#### .......#
~.......#


You could see Terence.

Vanquished Creatures
  3 endoplasms (D:1)
  3 goblins
  3 hobgoblins (D:1)
  5 jackals (D:1)
  2 ball pythons (D:1)
  2 bats
  A kobold (D:1)
  A rat (D:1)
20 creatures vanquished.

Notes
Turn   | Place    | Note
-------+----------+-------------------------------------------
     0 | D:1      | qw the Gargoyle Hexslinger began the quest for the Orb.
     0 | D:1      | Reached XP level 1. HP: 12/12 MP: 2/2
     0 | D:1      | 0 ||| qw: Version: 0.3-a-52-g30416fa
     0 | D:1      | 0 ||| qw: Game counter: 6218
     0 | D:1      | 0 ||| qw: Melee chars always use a shield: true
     0 | D:1      | 0 ||| qw: God list: Okawaru
     0 | D:1      | 0 ||| qw: Allow faded altars: false
     0 | D:1      | 0 ||| qw: Do Orc after clearing Dungeon:15 true
     0 | D:1      | 0 ||| qw: Do second Lair branch before Depths: true
     0 | D:1      | 0 ||| qw: Lair rune preference: random
     0 | D:1      | 0 ||| qw: Goals: Normal
     0 | D:1      | 0 ||| PLANNING D:1-11
   138 | D:1      | Reached XP level 2. HP: 13/16 MP: 3/3
   532 | D:1      | Found Joukk's Jewellery Shop.
   552 | D:1      | Reached skill level 3 in Ranged Weapons
   553 | D:1      | 553 ||| SHOPLISTING amulet of regeneration (330 gold, have
                  | 18).
   553 | D:1      | 553 ||| SHOPLISTING amulet of the acrobat (330 gold, have
                  | 18).
   553 | D:1      | 553 ||| SHOPLISTING ring of protection from cold (275 gold,
                  | have 18).
   553 | D:1      | 553 ||| SHOPLISTING ring of protection from fire (275 gold,
                  | have 18).
   928 | D:1      | 928 ||| UPGRADING to +0 ring mail.
   938 | D:1      | 938 ||| DROPPING +0 robe.
   939 | D:1      | 939 ||| UPGRADING to +0 pair of boots.
   944 | D:1      | 944 ||| UPGRADING to +0 cloak.
   949 | D:1      | 949 ||| READING scroll labelled JOLITU ATUZ.
   950 | D:1      | 950 ||| DROPPING scroll of poison.
   991 | D:2      | Reached XP level 3. HP: 21/21 MP: 4/4
  1055 | D:2      | Noticed Terence
  1061 | D:2      | HP: 3/21 [Terence/+0 flail (8)]
  1061 | D:2      | Slain by Terence

Levels and vault maps discovered:
D:1:      ldierk_walled_garden, layout_loops_corners, serial_shops, shop_statue
D:2:      layout_basic, serial_rivers, chequers_serial_rivers_micro_c,
          chequers_serial_rivers_micro_e, chequers_serial_rivers_small_a,
          chequers_serial_rivers_micro_c, chequers_serial_rivers_room_a,
          chequers_serial_rivers_small_a, chequers_ecumenical_altar_island,
          uniq_jessica, uniq_natasha, uniq_terence

Skill      XL: |  1  2 |
---------------+-------+-----
Ranged Weapons | 3 |  3.0
Fighting       | 2 |  2.0
Armour         | |  0.1
Dodging        | |  1.5
Spellcasting   | |  1.0
Hexes          | |  2.6

Action                     || total
---------------------------++-------
   Fire: Sling             ||    81
    Use: Scroll            ||     1
 Armour: Robe              ||    16
         Ring mail         ||     1
  Dodge: Dodged            ||    31

Table legend:
 A = Non-vault XP
 B = Vault XP
 C = Vault XP percentage of total XP
 D = Non-vault monster count
 E = Vault monster count
 F = Vault count percentage of total count
                 A         B        C        D         E       F
            +---------+---------+-------+---------+---------+-------
      Total |      35 |       0 |   0.0 |      20 |       0 |   0.0
            +---------+---------+-------+---------+---------+-------
        D:1 |      32 |       0 |   0.0 |      18 |       0 |   0.0
        D:2 |       3 |       0 |   0.0 |       2 |       0 |   0.0
            +---------+---------+-------+---------+---------+-------
